 Dungeon Crawl Stone Soup version 0.31-a0-1008-g5b978dac0e (webtiles) character file.

Game seed: 2960871210951896324

267 GenialerGandalf the Chopper (level 6, -2/53 HPs)
             Began as a Hill Orc Fighter on Nov 12, 2023.
             Killed by nerve-wracking pain
             ... invoked by Grinder
              (14 damage)
             ... on level 3 of the Dungeon.
             The game lasted 00:05:56 (1890 turns).

GenialerGandalf the Chopper (Hill Orc Fighter)      Turns: 1890, Time: 00:05:56

Health: -2/53      AC:  8    Str: 21    XL:     6   Next: 21%
Magic:  6/6        EV:  9    Int: 14    God:
Gold:   103        SH:  4    Dex: 10    Spells: 5/5 levels left

rFire   . . .        a - +0 war axe
rCold   . . .        c - +0 buckler
rNeg    . . .        b - +0 scale mail
rPois   .            (no helmet)
rElec   .            (no cloak)
rCorr   .            l - +0 pair of gloves
SInv    .            (no boots)
Will    .....        h - amulet of the acrobat Stlth
                     g - +6 ring of intelligence
HPRegen 0.28/turn    (no ring)
MPRegen 0.10/turn

%: acrobat
@: no status effects
A: no striking features
a: no special abilities


You were on level 3 of the Dungeon.
You visited 1 branch of the dungeon, and saw 3 of its levels.

You collected 127 gold pieces.
You spent 24 gold pieces at shops.

Inventory:

Hand Weapons
 a - a +0 war axe (weapon)
Armour
 b - a +0 scale mail (worn)
 c - a +0 buckler (worn)
 l - a +0 pair of gloves (worn)
Jewellery
 g - a +6 ring of intelligence (left hand)
 h - an amulet of the acrobat (around neck)
Scrolls
 e - 2 scrolls of blinking
 f - a scroll of acquirement {unknown}
 i - 2 scrolls of poison
 j - a scroll of revelation
 k - a scroll of vulnerability
 o - 2 scrolls of identify
 p - a scroll of enchant armour {unknown}
Potions
 d - 2 potions of might
 m - a potion of lignification {unknown}
 n - a potion of mutation {unknown}
 q - a potion of haste {unknown}


   Skills:
 * Level 4.5 Fighting
 * Level 5.7 Axes
 * Level 4.5 Armour
 - Level 0.6 Dodging
 - Level 0.1 Stealth
 * Level 4.2 Shields


You had 5 spell levels left.
You didn't know any spells.
Your spell library contained the following spells:

 Spells                   Type           Power      Damage    Failure   Level
 Tukima's Dance           Hex            0%         N/A       95%         3
 Passage of Golubria      Tloc           0%         N/A       100%        4
 Yara's Violent Unravell  Hex/Tmut       0%         3d3       100%        5


Dungeon Overview and Level Annotations

Branches:
Dungeon (3/15)

Altars:

Shops:
D:2 ?   D:3 :(

Annotations:
D:3 Grinder


Message History

You slash Grinder!
Grinder is heavily wounded.
Grinder hits you but does no damage.
You slash Grinder!
Grinder is severely wounded.
Grinder gestures at you.
You barely resist. You hit Grinder.
Grinder is almost dead.
You block Grinder's attack.
You closely miss Grinder.
Grinder is almost dead.
Grinder barely misses you. Grinder closely misses you.
You hit Grinder.
Grinder is almost dead.
Grinder blinks!
Grinder blinks!
Grinder gestures at you. Pain shoots through your body!
Grinder gestures at you.
You suddenly lose the ability to move!
Grinder hits you.
You writhe in agony.
* * * LOW HITPOINT WARNING * * *
Grinder gestures at you. Pain shoots through your body!
* * * LOW HITPOINT WARNING * * *
Grinder hits you but does no damage.
You can move again.
You closely miss Grinder.
Grinder is almost dead.
Grinder barely misses you.
You barely miss Grinder.
Grinder is almost dead.
Grinder closely misses you.
You closely miss Grinder.
Grinder is almost dead.
Grinder gestures at you. Pain shoots through your body!
You die...
Grinder says, "Now the real fun starts!"

. .# .# #+ .# #.#
.###### #..########
......# #........#
......# #.....@5.#
......# ##.......#
.†....######.......##
......#.............#
#####.#.###..........#
#.#.# #........#...
#.#.# #.########.###
#.#.# #.# # #.#.# #.#


You could see Grinder.

Vanquished Creatures
  Sigmund (D:3)
  Jessica (D:2)
  4 adders
  A worm (D:2)
  A dart slug (D:3)
  2 ball pythons (D:1)
  6 endoplasms
  4 giant cockroaches
  A goblin (D:1)
  5 hobgoblins
  4 jackals (D:1)
  6 kobolds
  4 quokkas
  4 bats
  2 frilled lizards (D:2)
  2 rats (D:1)
48 creatures vanquished.

Notes
Turn   | Place    | Note
-------+----------+-------------------------------------------
     0 | D:1      | GenialerGandalf the Hill Orc Fighter began the quest for
                  | the Orb.
     0 | D:1      | Reached XP level 1. HP: 19/19 MP: 1/1
    74 | D:1      | Reached XP level 2. HP: 20/27 MP: 2/2
    80 | D:1      | Reached skill level 3 in Axes
   389 | D:1      | Reached XP level 3. HP: 33/33 MP: 3/3
   931 | D:2      | Noticed Jessica
   935 | D:2      | Killed Jessica
   936 | D:2      | Reached XP level 4. HP: 23/40 MP: 4/4
  1130 | D:2      | Found The Oracle's Delphic Readings.
  1134 | D:2      | Bought a scroll of identify for 24 gold pieces
  1399 | D:2      | Reached skill level 4 in Axes
  1683 | D:3      | Found Deramox's Book Shop.
  1712 | D:3      | Noticed Sigmund
  1722 | D:3      | Killed Sigmund
  1723 | D:3      | Reached skill level 5 in Axes
  1723 | D:3      | Reached XP level 5. HP: 47/47 MP: 5/5
  1723 | D:3      | Reached XP level 6. HP: 53/53 MP: 6/6
  1750 | D:3      | Found Roareoc's Weapon Shop.
  1868 | D:3      | Noticed Grinder
  1870 | D:3      | Paralysed by Grinder for 4 turns
  1884 | D:3      | Paralysed by Grinder for 4 turns
  1890 | D:3      | Killed from afar by Grinder

Illustrated notes

Levels and vault maps discovered:
D:1:      dpeg_arrival_water_temple_mockup, layout_loops_ring,
          minmay_box_of_dots
D:2:      kb_forest_paths, layout_basic, nicolae_nh_oracle_at_delphi,
          uniq_jessica
D:3:      layout_basic, serial_shops, shop, nicolae_shop_bloodbath_and_beyond,
          nicolae_shop_tiny_waterfront, uniq_sigmund, uniq_grinder

Skill      XL: |  1  2  3  4 |
---------------+-------------+-----
Axes           | 3 5 |  5.7
Fighting       | 4 |  4.5
Armour         | 4 |  4.5
Shields        | 4 |  4.2
Dodging        | |  0.6
Stealth        | |  0.1

Action                     |  1- 3 |  4- 6 || total
---------------------------+-------+-------++-------
  Melee: War axe           |    69 |    58 ||   127
    Use: Scroll            |     2 |     2 ||     4
 Armour: Scale mail        |    47 |    26 ||    73
  Dodge: Dodged            |    40 |    30 ||    70
  Block: Buckler           |    22 |    11 ||    33

Table legend: (Time is in decaauts)
 A = Elapsed time spent in this place.
 B = Non-inter-level travel time spent in this place.
 C = Inter-level travel time spent in this place.
 D = Time resting spent in this place.
 E = Time spent auto-exploring this place.
 F = Levels seen in this place.
 G = Mean time per level.
                   A        B        C        D        E       F      G
               +--------+--------+--------+--------+--------+-----+--------+
         Total |   1932 |   1752 |    180 |      0 |   1247 |   3 |  644.0 |
       Dungeon |   1932 |   1752 |    180 |      0 |   1247 |   3 |  644.0 |
               +--------+--------+--------+--------+--------+-----+--------+

Top non-repeatable levels by time:
     D:2: 877 daAuts
     D:1: 823 daAuts
     D:3: 231 daAuts
